 Dungeon Crawl Stone Soup version 0.26-a0-259-g1effd001a9 (webtiles) character file.

Game seed: 12573769678988375496

6 drasked the Chopper (level 1, -2/20 HPs)
             Began as a Hill Orc Monk on July 26, 2020.
             Slain by a gnoll
             ... wielding a +0 spear
              (8 damage)
             ... on level 1 of the Dungeon.
             The game lasted 00:00:39 (90 turns).

drasked the Chopper (Hill Orc Monk)                   Turns: 90, Time: 00:00:40

Health: -2/20      AC:  2    Str: 13    XL:     1   Next: 90%
Magic:  1/1        EV: 13    Int: 10    God:
Gold:   0          SH:  0    Dex: 13    Spells: 0/0 levels left

rFire    . . .     SeeInvis .   a - +0 hand axe
rCold    . . .     Faith    .   (no shield)
rNeg     . . .     Spirit   .   b - +0 robe
rPois    .         Reflect  .   (no helmet)
rElec    .         Harm     .   (no cloak)
rCorr    .                      (no gloves)
MR       .....                  (no boots)
Stlth    ++........             (no amulet)
HPRegen  0.06/turn              (no ring)
MPRegen  0.07/turn              (no ring)

@: no status effects
A: no striking features
a: no special abilities


You were on level 1 of the Dungeon.
You were not hungry.

You visited 1 branch of the dungeon, and saw 1 of its levels.

Inventory:

Hand Weapons
 a - a +0 hand axe (weapon)
Armour
 b - a +0 robe (worn)
Comestibles
 e - 2 rations


   Skills:
 + Level 3.7 Fighting
 * Level 4.3 Axes
 + Level 0.5 Armour
 - Level 2.4 Dodging
 - Level 1.5 Stealth


You couldn't memorise any spells.
You didn't know any spells.
Your spell library was empty.

Dungeon Overview and Level Annotations

Branches:
Dungeon (1/15)

Altars:


Message History

Welcome, drasked the Hill Orc Monk.
It is said that the Orb of Zot exists deep within this dungeon.
Found a staircase leading out of the dungeon.
A hobgoblin comes into view. It is wielding a +0 club.
What are your orders? t - Shout!
Orders for allies: a - Attack new target. r - Retreat! s - Stop attacking. g - Guard the area. f - Follow me.
Anything else - Cancel.
You shout for attention!
The hobgoblin shouts!
You hear an angry hiss.
A rat comes into view.
What are your orders? t - Shout!
Orders for allies: a - Attack new target. r - Retreat! s - Stop attacking. g - Guard the area. f - Follow me.
Anything else - Cancel.
You shout for attention!
You hear a shout!
You closely miss the hobgoblin.
The hobgoblin hits you but does no damage.
You hit the hobgoblin. The hobgoblin misses you.
You closely miss the hobgoblin. The hobgoblin closely misses you.
You closely miss the hobgoblin.
A leopard gecko comes into view.
The hobgoblin barely misses you.
You hit the hobgoblin.
You kill the hobgoblin!
A leopard gecko comes into view.
Things that are here:
a +0 club; a hobgoblin corpse The leopard gecko hisses angrily.
Things that are here:
a +0 club; a hobgoblin corpse You hit the leopard gecko.
You kill the leopard gecko!
The leopard gecko closely misses you.
Things that are here:
a +0 club; a leopard gecko corpse; a hobgoblin corpse You hit the leopard gecko.
The leopard gecko bites you. x2
You are too injured to fight recklessly!
You are too injured to fight recklessly!
You are too injured to fight recklessly!
You closely miss the leopard gecko.
The leopard gecko bites you but does no damage.
You closely miss the leopard gecko. The leopard gecko closely misses you.
You closely miss the leopard gecko.
The leopard gecko completely misses you.
The leopard gecko bites you.
* * * LOW HITPOINT WARNING * * *
You hit the leopard gecko. The leopard gecko misses you.
You hit the leopard gecko but do no damage.
The leopard gecko barely misses you.
You closely miss the leopard gecko.
The leopard gecko completely misses you.
The leopard gecko barely misses you.
You miss the leopard gecko. The leopard gecko bites you.
* * * LOW HITPOINT WARNING * * *
You completely miss the leopard gecko.
A gnoll comes into view. It is wielding a +0 spear.
The leopard gecko completely misses you.
You hit the leopard gecko.
You kill the leopard gecko!
A bat comes into view.
The bat hits you.
* * * LOW HITPOINT WARNING * * *
You hit the bat.
You kill the bat!
The gnoll barely misses you.
Items here: ) ††† a +0 club; a leopard gecko corpse x2; a hobgoblin corpse The rat closely misses you.
Items here: ) ††† a +0 club; a leopard gecko corpse x2; a hobgoblin corpse A bat comes into view.
The bat moves out of view.
You barely miss the rat. The rat bites you.
* * * LOW HITPOINT WARNING * * *
You hit the rat but do no damage. The rat misses you.
The gnoll barely misses you.
You barely miss the rat. The rat bites you.
* * * LOW HITPOINT WARNING * * *
The gnoll hits you from afar with a +0 spear!
You die...

≈P≈≈≈≈≈≈≈
≈≈≈≈≈≈≈≈≈
≈≈≈≈.≈PP≈ .≈b≈.≈ ≈
.... ≈≈ ##.# ...
######..#####...
#....gr@......#
#.##....###...####
#...[8.8# #8.8#
####.#.#####)## #
#g#.#.#.#
#....g..#
#...<...#
#.......#
#.#.#.#.#


You could see a gnoll, a bat and a rat.

Levels and vault maps discovered:
D:1:      psy_arrival_basics, layout_basic, chequers_big_river

Notes
Turn   | Place    | Note
-------+----------+-------------------------------------------
     0 | D:1      | drasked the Hill Orc Monk began the quest for the Orb.
     0 | D:1      | Reached XP level 1. HP: 19/19 MP: 1/1
     5 | D:1      | Identified a +0 club
    41 | D:1      | Identified a +0 spear
    90 | D:1      | Slain by a gnoll

Table legend:
 A = Turns spent in this place as a percentage of turns spent in the entire game.
 B = Non-inter-level travel turns spent in this place as a percentage of non-inter-level travel turns spent in the entire game.
 C = Inter-level travel turns spent in this place as a percentage of turns spent in this place.
 D = Turns resting spent in this place as a percentage of non-inter-level travel turns spent in this place.
 E = Turns spent auto-exploring this place as a percentage of non-inter-level travel turns spent in this place.
 F = Non-inter-level travel turns spent in this place divided by the number of levels of this place that you've seen.
                   A       B       C       D       E      F
               +-------+-------+-------+-------+-------+----------------------
         Total | 100.0 | 100.0 |   0.0 |   0.0 |   5.6 |  90.0
       Dungeon | 100.0 | 100.0 |   0.0 |   0.0 |   5.6 |  90.0
               +-------+-------+-------+-------+-------+----------------------

Table legend:
 A = Kills in this place as a percentage of kills in entire the game.
 B = Kills by you in this place as a percentage of kills by you in the entire game.
 C = Kills by friends in this place as a percentage of kills by friends in the entire game.
 D = Other kills in this place as a percentage of other kills in the entire game.
 E = Experience gained in this place as a percentage of experience gained in the entire game.
 F = Experience gained in this place divided by the number of levels of this place that you have seen.
                   A       B       C       D       E      F
               +-------+-------+-------+-------+-------+----------------------
         Total | 100.0 | 100.0 |   N/A |   N/A | 100.0 |   9.0
       Dungeon | 100.0 | 100.0 |   N/A |   N/A | 100.0 |   9.0
               +-------+-------+-------+-------+-------+----------------------

Action                   || total
-------------------------++-------
Melee: Hand axe          ||    20
Armor: Robe              ||     2
Dodge: Dodged            ||    15

Vanquished Creatures
  2 leopard geckos (D:1)
  A hobgoblin (D:1)
  A bat (D:1)
4 creatures vanquished.
